 Dungeon Crawl Stone Soup version 0.28.0-45-g0d030f2227 (webtiles) character file.

Game seed: 2823102189087449840

171 nickcage the Slasher (level 5, -2/41 HPs)
             Began as a Formicid Abyssal Knight on Apr 14, 2022.
             Was a Priest of Lugonu.
             Slain by an iguana (5 damage)
             ... on level 3 of the Dungeon.
             The game lasted 00:06:54 (2384 turns).

nickcage the Slasher (Formicid Abyssal Knight)      Turns: 2384, Time: 00:06:55

Health: -2/41      AC: 12    Str: 19    XL:     5   Next: 81%
Magic:  6/6        EV:  7    Int: 10    God:    Lugonu [***...]
Gold:   59         SH:  0    Dex: 11    Spells: 4/4 levels left

rFire   . . .      SeeInvis +   a - +1 falchion
rCold   + . .      Faith    .   (no shield)
rNeg    . . .      Spirit   .   e - +2 chain mail {rC+}
rPois   .          Reflect  .   (helmet unavailable)
rElec   .          Harm     .   g - +0 cloak
rCorr   .          Rampage  .   (no gloves)
Will    .....                   l - +0 pair of boots
Stlth   ..........              (no amulet)
HPRegen 0.13/turn               (no ring)
MPRegen 0.10/turn               (no ring)

@: no status effects
A: permanent stasis, dig shafts and tunnels, antennae 3, four strong arms
a: Dig, Shaft Self, Renounce Religion, Depart the Abyss, Bend Space, Banish


You were on level 3 of the Dungeon.
You worshipped Lugonu.
Lugonu was most pleased with you.
You visited 1 branch of the dungeon, and saw 3 of its levels.
You visited the Abyss 1 time.

You collected 59 gold pieces.

Inventory:

Hand Weapons
 a - a +1 falchion (weapon)
 i - a +0 long sword
Armour
 b - a +0 leather armour
 e - a +2 chain mail of cold resistance (worn)
 g - a +0 cloak (worn)
 h - a +0 plate armour
 l - a +0 pair of boots (worn)
Scrolls
 c - 3 scrolls of teleportation {unknown}
 j - a scroll of immolation {unknown}
 k - a scroll of identify {unknown}
 m - 2 scrolls of fog {unknown}
Potions
 d - a potion of degeneration {unknown}
 f - a potion of cancellation {unknown}
 n - a potion of resistance {unknown}


   Skills:
 - Level 3.2 Fighting
 + Level 5.5 Long Blades
 - Level 2.1 Armour
 - Level 0.8 Dodging
 - Level 2.1 Invocations


You had 4 spell levels left.
You didn't know any spells.
Your spell library was empty.

Dungeon Overview and Level Annotations

Branches:
Dungeon (3/15)

Altars:
Sif Muna

Shops:
D:2 =!=


Innate Abilities, Weirdness & Mutations

You cannot be hasted, slowed, berserked, paralysed or teleported.
You can dig through walls and to a lower floor.
You have a pair of large antennae on your head. (SInv)
Your four strong arms can wield two-handed weapons with a shield.


Message History

You hit the orc priest.
You kill the orc priest!
Lugonu accepts your kill. The kobold hits you but does no damage.
The iguana bites you.
You barely miss the kobold. The kobold barely misses you.
You hit the kobold.
The kobold is severely wounded.
The kobold hits you but does no damage.
You hit the kobold.
You kill the kobold!
Lugonu accepts your kill.
You hit the iguana.
The iguana is moderately wounded.
The iguana barely misses you.
You hit the iguana.
The iguana is moderately wounded.
The iguana bites you.
You hit the iguana.
The iguana is heavily wounded.
The iguana bites you!
* * * LOW HITPOINT WARNING * * *
You hit the iguana.
The iguana is severely wounded.
The iguana bites you.
* * * LOW HITPOINT WARNING * * *
You hit the iguana.
The iguana is almost dead.
The iguana barely misses you.
You hit the iguana.
The iguana is almost dead.
The iguana hisses menacingly.
The iguana bites you.
* * * LOW HITPOINT WARNING * * *
You hit the iguana but do no damage.
The iguana is almost dead.
The iguana barely misses you.
You hit the iguana but do no damage.
The iguana is almost dead.
The iguana bites you.
You die...

##.#. #........# ...
#........# ...
#........#
....#####.........
#.#......#.#....##
#####.######.#.#..#.#
#..>.o).....)#.#..#.#
#{#l###.#..#.#..#.##
#.#@##.....#.#.....#
#.#.##.#...#.#.....#
#...................
#.#.##.#...#....#.##
#.#.##.#...#.##.#.##
..#.##.#...#........
.###.##.#...# .....#.
.. #.##.#...######.#.
.. #.##.#.... .....#.


You could see an iguana and an orc.

Vanquished Creatures
  An orc priest (D:3)
  4 gnolls (D:2)
  An adder (D:3)
  A worm (D:2)
  2 dart slugs
  6 endoplasms
  A giant cockroach (D:2)
  13 goblins
  11 hobgoblins
  3 jackals (D:1)
  9 kobolds
  4 quokkas
  6 ball pythons
  7 bats
  3 frilled lizards
  9 rats
81 creatures vanquished.

Notes
Turn   | Place    | Note
-------+----------+-------------------------------------------
     0 | Abyss:1  | nickcage the Formicid Abyssal Knight began the quest for
                  | the Orb.
     0 | Abyss:1  | Reached XP level 1. HP: 18/18 MP: 2/2
     7 | D:1      | Escaped the Abyss
   134 | D:1      | Reached XP level 2. HP: 24/24 MP: 3/3
   273 | D:1      | Reached skill level 3 in Long Blades
   295 | D:1      | Reached XP level 3. HP: 25/29 MP: 4/4
   366 | D:1      | Reached ** piety under Lugonu
   939 | D:2      | Found Gotz's Distillery.
  1002 | D:2      | Found Yghuatal's Jewellery Shoppe.
  1015 | D:2      | Reached skill level 4 in Long Blades
  1015 | D:2      | Reached XP level 4. HP: 26/35 MP: 5/5
  1211 | D:2      | Found a faded altar of an unknown god.
  1490 | D:2      | Reached *** piety under Lugonu
  1497 | D:2      | Reached XP level 5. HP: 37/41 MP: 6/6
  1749 | D:2      | Reached skill level 5 in Long Blades
  2040 | D:2      | Found Uhibbel's Jewellery Emporium.
  2254 | D:3      | Found a shimmering blue altar of Sif Muna.
  2384 | D:3      | Slain by an iguana

Illustrated notes

Levels and vault maps discovered:
D:1:      minmay_arrival_nine_rooms, layout_loops_ring, st_stairs_4,
          minmay_heptomino_l4
D:2:      layout_loops_ring, serial_shops, nicolae_shop_behind_doors,
          nicolae_shop_temple_entry_statues_fountains,
          nicolae_shop_behind_doors, hellmonk_ecumenical_altar_heavens_door,
          minmay_goblin_outpost
D:3:      layout_basic, mainiacjoe_overflow_chevrons, uniq_grinder

Skill      XL: |  1  2  3  4  5 |
---------------+----------------+-----
Long Blades    | 3 4 5 |  5.5
Fighting       | |  3.2
Armour         | |  2.1
Dodging        | |  0.8
Invocations    | |  2.1

Action                   |  1- 3 |  4- 6 || total
-------------------------+-------+-------++-------
Melee: Falchion          |   116 |   123 ||   239
       Punch             |     1 |     3 ||     4
Armor: Leather armour    |     7 |       ||     7
       Chain mail        |    66 |    58 ||   124
       Plate armour      |       |     1 ||     1
Dodge: Dodged            |    41 |    53 ||    94
